 Dungeon Crawl Stone Soup version 0.24.0-123-gd5b16e6ec5 (webtiles) character file.

Game seed: 13433913945129513755, levelgen mode: deterministic

765 FishyPogo the Shield-Bearer (level 7, -3/56 HPs)
             Began as a Demonspawn Fighter on Jan 26, 2020.
             Was a Plaything of Xom.
             Slain by an ogre
             ... wielding a +0 giant club
              (10 damage)
             ... on level 4 of the Dungeon.
             The game lasted 00:10:14 (3524 turns).

FishyPogo the Shield-Bearer (Demonspawn Fighter)    Turns: 3524, Time: 00:10:14

Health: -3/56      AC:  9    Str: 19    XL:     7   Next: 52%
Magic:  0/7        EV: 12    Int:  9    God:    Xom [....*.]
Gold:   218        SH: 10    Dex: 17    Spells: 6/6 levels left

rFire    + . .     SeeInvis .   a - +0 rapier
rCold    . . .     Gourm    .   c - +0 shield
rNeg     . . .     Faith    .   g - +0 scale mail
rPois    .         Spirit   +   s - +0 helmet
rElec    .         Reflect  .   (no cloak)
rCorr    .         Harm     .   (no gloves)
MR       .....                  (no boots)
Stlth    +.........             x - amulet of the acrobat
HPRegen  0.18/turn              m - ring of protection from fire
MPRegen  0.20/turn              (no ring)

@: agile
A: talons 1, rugged brown scales 1, spiny 1, magic shield, magic regeneration
a: Renounce Religion


You were on level 4 of the Dungeon.
You worshipped Xom.
You were a beloved toy of Xom.
You were not hungry.

You visited 1 branch of the dungeon, and saw 4 of its levels.
You also visited: Ossuary.

You collected 218 gold pieces.

Inventory:

Hand Weapons
 a - a +0 rapier (weapon)
 b - a +0 hunting sling
Missiles
 h - 167 stones (quivered)
Armour
 c - a +0 shield (worn)
 g - a +0 scale mail (worn)
 s - a +0 helmet (worn)
Jewellery
 m - a ring of protection from fire (left hand)
 x - an amulet of the acrobat (around neck)
Wands
 u - a wand of flame (12)
Scrolls
 e - 7 scrolls of remove curse
 i - 8 scrolls of identify
 j - 3 scrolls of teleportation
 o - a scroll of silence {unknown}
 y - a scroll of acquirement {unknown}
 z - a scroll of blinking {unknown}
 A - a scroll of enchant armour {unknown}
 B - a scroll of enchant weapon {unknown}
 C - 2 scrolls of amnesia
Potions
 d - a potion of might
 l - 4 potions of curing {unknown}
 n - 2 potions of mutation
 p - 2 potions of invisibility
 r - a potion of brilliance {unknown}
 t - 2 potions of lignification {unknown}
 v - 2 potions of flight {unknown}
 w - a potion of haste {unknown}
Comestibles
 f - 6 rations


   Skills:
 + Level 4.7 Fighting
 + Level 3.7 Short Blades
 + Level 4.3 Armour
 * Level 5.5 Shields


You had 6 spell levels left.
You didn't know any spells.
Your spell library was empty.

Dungeon Overview and Level Annotations

Branches:
Dungeon (4/15)            Ossuary (visited)
 Temple: D:4-7

Altars:
Kikubaaqudgha
Xom

Annotations:
D:4 Ijyb


Innate Abilities, Weirdness & Mutations

You have sharp toenails.
You are partially covered in rugged brown scales. (AC +1, +3% HP)
You are partially covered in sharp spines.
When hurt, damage is shared between your health and your magic reserves.
You regenerate magic rapidly.


Message History

The ogre hits you with a +0 giant club!
* * * LOW HITPOINT WARNING * * *
Ijyb is struck by your spines. Ijyb barely misses you.
A howler monkey comes into view.
The howler monkey howls!
You puncture the ogre! You claw the ogre.
The ogre is almost dead.
The howler monkey hoots and howls with incredible vigour!
The ogre hits you with a +0 giant club!
* * * LOW HITPOINT WARNING * * *
It was a potion of agility.
You feel agile all of a sudden. You block the ogre's attack.
It was a potion of magic.
Magic courses through your body. You block the ogre's attack.
You barely miss the ogre.
The ogre is almost dead.
The ogre hits you with a +0 giant club!
You die...
Xom laughs nastily!

########........#
#........⌠......##
#.###..#...≈≈≈≈≈.# #.#
#.^##.≈≈≈≈≈..# ## #.#
##.##..≈≈≈≈≈.# ##. #.#
#.#...≈).≈..# . ...#.#
#.#...≈.....# ..
##.#.####.#._≈....⌠.####
...#...haO@..#....##.......
......#g####.##### ##..####
......#................#
........g..............#
.......#.###...........#
.####.. ... ..........#
.... .### ........# .#...
.# ......... .. #<%. .#
........#


You could see an ogre, Ijyb, a howler monkey and a worker ant.

Vanquished Creatures
  A water moccasin zombie (Ossuary)
  A howler monkey (D:4)
  3 centaur zombies (Ossuary)
  A bullfrog zombie (Ossuary)
  A killer bee zombie (Ossuary)
  3 hound zombies (Ossuary)
  2 howler monkey zombies (Ossuary)
  5 worker ant zombies (Ossuary)
  10 mummies (Ossuary)
  4 gnolls (D:2)
  4 adders
  2 oozes (D:3)
  An adder zombie (Ossuary)
  3 worms
  4 dart slugs
  3 leopard geckos
  An orc (D:4)
  2 giant cockroaches
  9 goblins
  5 hobgoblins
  3 jackals (D:3)
  2 ball pythons
  4 bats (D:1)
  8 frilled lizards
  3 jackal zombies (Ossuary)
  11 kobolds
  2 leopard gecko zombies (Ossuary)
  8 rats
106 creatures vanquished.

Vanquished Creatures (collateral kills)
  A bullfrog zombie (Ossuary)
  A mummy (Ossuary)
2 creatures vanquished.

Vanquished Creatures (others)
  A withered plant (Ossuary)
1 creature vanquished.

Grand Total: 109 creatures vanquished

Notes
Turn   | Place    | Note
-------+----------+-------------------------------------------
     0 | D:1      | FishyPogo the Demonspawn Fighter began the quest for the
                  | Orb.
     0 | D:1      | Reached XP level 1. HP: 18/18 MP: 1/1
   216 | D:1      | Gained mutation: You are partially covered in sharp spines.
                  | [demonic ancestry]
   216 | D:1      | Reached XP level 2. HP: 16/24 MP: 2/2
   295 | D:1      | Reached skill level 3 in Shields
   826 | D:2      | Gained mutation: When hurt, damage is shared between your
                  | health and your magic reserves. [demonic ancestry]
   826 | D:2      | Reached XP level 3. HP: 22/29 MP: 3/3
  1220 | D:2      | Gained mutation: You have sharp toenails. [demonic
                  | ancestry]
  1220 | D:2      | Reached XP level 4. HP: 21/35 MP: 1/4
  2062 | D:3      | Found a shimmering altar of Xom.
  2068 | D:3      | Became a worshipper of Xom of Chaos
  2306 | D:3      | XOM: divination: detect creatures
  2317 | D:3      | XOM: mild Erth miscast
  2331 | D:3      | Gained mutation: You are partially covered in rugged brown
                  | scales. (AC +1, +3% HP) [demonic ancestry]
  2331 | D:3      | Reached XP level 5. HP: 35/42 MP: 5/5
  2428 | D:3      | XOM: confusion
  2554 | D:3      | XOM: summons 2 hostile demons
  2712 | D:4      | Reached skill level 4 in Shields
  2881 | D:4      | Found a sand-covered staircase.
  2889 | Ossuary  | Entered an ossuary
  2926 | Ossuary  | XOM: blink monster(s)
  2952 | Ossuary  | Gained mutation: You regenerate magic rapidly. [demonic
                  | ancestry]
  2952 | Ossuary  | Reached XP level 6. HP: 22/49 MP: 4/6
  3067 | Ossuary  | XOM: 5-stop teleportation journey
  3068 | Ossuary  | XOM: fog
  3099 | Ossuary  | XOM: scenery: 3 doors open, 5 doors close
  3104 | Ossuary  | Reached skill level 5 in Shields
  3104 | Ossuary  | HP: 1/49 [bog mummy (7)]
  3108 | Ossuary  | XOM: summons 3 friendly demons
  3126 | Ossuary  | Reached XP level 7. HP: 39/56 MP: 5/7
  3477 | D:4      | Found an ancient bone altar of Kikubaaqudgha.
  3511 | D:4      | Noticed Ijyb
  3524 | D:4      | Slain by an ogre

Levels and vault maps discovered:
D:1:      nicolae_arrival_somewhat_less_tricky_arrival, layout_loops_ring,
          minmay_3d_cube
D:2:      layout_rooms, chequers_serial_rivers_micro_d, minmay_small_reverse_x
D:3:      layout_loops_corners, old_standard_altar, patterned_corridor
D:4:      layout_basic, kiku_gazebo_pond_becter, nicolae_ossuary_entry_plus,
          minmay_cut_off, uniq_ijyb

Skill      XL: |  1  2  3  4  5  6 |
---------------+-------------------+-----
Short Blades   | 2 3 |  3.7
Shields        | 3 4 5 |  5.5
Armour         | 3 4 |  4.3
Fighting       | 4 |  4.7

Action                   |  1- 3 |  4- 6 |  7- 9 || total
-------------------------+-------+-------+-------++-------
Melee: Rapier            |    95 |   197 |    63 ||   355
       Kick              |       |    57 |    26 ||    83
 Fire: Hunting sling     |     2 |     8 |       ||    10
Throw: Stone             |     1 |     4 |       ||     5
  Use: Scroll            |       |     6 |       ||     6
       Potion            |       |     1 |     2 ||     3
  Eat: Chunk             |       |     7 |     2 ||     9
Armor: Scale mail        |    29 |    86 |    12 ||   127
Dodge: Dodged            |    15 |    55 |     9 ||    79
Block: Shield            |    45 |    89 |    25 ||   159
